Map: 大气2000-天梯版

Players

电脑难度(新手)

  • Race: Zerg Zerg

fkee - Winner!

  • Race: Terran Terran
  • League: Platinum

VOD

Have the link to the VOD?

Description

Time

  • Played on: May 30, 2022, 12:44 a.m.
  • Length: 12:01
Show
View Real Time Build Order
Export as new Build Order

电脑难度(新手) Zerg 

Build Orders: Pool First 

Get SALT Encoding   

  12  0:01  Drone  
  13  0:12  Overlord  
  13  0:16  Drone  
  14  0:35  Spawning Pool  
  13  0:36  Extractor  
  13  0:39  Drone  
  13  0:46  Drone  
  14  0:51  Overlord  
  14  1:21  Zergling x2  
  14  1:22  Queen  
  17  1:30  Roach Warren  
  17  1:31  Extractor  
  15  1:36  Drone  
  16  1:43  Drone  
  17  1:49  Zergling x2  
  18  2:03  Drone  
  19  2:10  Drone  
  20  2:17  Zergling x2  
  20  2:19  Drone  
  22  2:29  Overlord  
  22  2:33  Drone  
  23  2:40  Drone  
  24  2:45  Roach  
  24  2:47  Drone  
  27  7:23  Drone  
  27  7:24  Lair, Overlord  
  27  7:29  Hatchery  
  27  7:30  Drone  
  28  7:38  Drone  
  29  7:45  Drone  
  30  8:02  Zergling x2  
  26  8:20  Overseer  
  26  8:22  Spire  
  26  8:24  Overseer  
  25  8:42  Drone  
  26  8:49  Drone  
  26  8:51  Extractor  
  26  8:54  Extractor  
  25  8:56  Drone  
  26  9:03  Drone  
  27  9:11  Drone  
  28  9:18  Drone  
  29  9:25  Drone  
  30  9:32  Drone  
  30  9:35  Mutalisk  
  33  9:39  Drone  
  34  9:46  Drone  
  35  9:53  Drone  
  36  10:01  Drone  
  37  10:08  Drone  
  38  10:15  Drone  
  38  10:20  Mutalisk  
  41  10:23  Drone  
  42  10:30  Drone  
  43  10:38  Drone  
  43  10:40  Overlord  
  41  10:42  Overseer  
  41  10:45  Drone  
  41  10:49  Zergling x2  
  39  10:58  Overlord  
  39  11:00  Drone  
  30  11:08  Drone  
  27  11:13  Queen  
  27  11:15  Drone  
  27  11:18  Roach  
  29  11:22  Drone  
  30  11:29  Drone  
  31  11:36  Drone  
  31  11:38  Overlord  
  20  11:40  Overlord  
  20  11:44  Drone  
Show
View Real Time Build Order
Export as new Build Order

fkee Terran - Winner!

Build Orders: Liberator Opening, Reaper Expand 

Get SALT Encoding   

  12  0:00  SCV  
  13  0:12  SCV  
  14  0:17  Supply Depot  
  14  0:24  SCV  
  15  0:39  SCV  
  15  0:40  Barracks  
  16  0:45  Refinery  
  16  0:51  SCV  
  17  1:03  SCV  
  18  1:15  SCV  
  19  1:27  Orbital Command  
  19  1:28  Reaper  
  20  1:40  Command Center  
  20  1:46  Supply Depot  
  20  1:54  SCV  
  20  2:00  Marine  
  22  2:06  SCV  
  23  2:10  Factory  
  23  2:14  Refinery  
  23  2:18  SCV  
  24  2:30  SCV, Barracks Reactor  
  25  2:42  SCV  
  26  2:54  Orbital Command  
  26  2:59  Supply Depot  
  26  3:05  Starport  
  26  3:14  Barracks Tech Lab  
  26  3:15  SCV  
  26  3:19  Hellion x2  
  31  3:24  SCV, Supply Depot  
  33  3:27  SCV  
  33  3:36  SCV  
  33  3:39  Stimpack, SCV  
  33  3:40  Marine, Hellion  
  33  3:41  Hellion  
  40  3:48  SCV  
  41  3:52  Liberator  
  41  3:53  SCV  
  45  4:01  Marine  
  46  4:03  Hellion x2  
  46  4:06  SCV x2  
  52  4:13  Command Center  
  52  4:18  SCV  
  52  4:19  Marine  
  54  4:25  Engineering Bay  
  54  4:27  Engineering Bay  
  54  4:35  Factory Reactor  
  54  4:36  SCV  
  54  4:37  Barracks  
  55  4:40  Marine  
  55  4:41  Barracks  
  55  4:44  Starport Reactor  
  56  4:50  SCV  
  56  4:51  SCV  
  58  4:56  Terran Infantry Weapons Level 1  
  58  4:57  Terran Infantry Armor Level 1  
  58  4:58  Marine, Refinery  
  59  5:00  Refinery  
  59  5:02  SCV  
  59  5:04  SCV  
  61  5:15  SCV  
  62  5:24  Marine, Factory Reactor  
  62  5:25  SCV  
  62  5:26  Supply Depot  
  62  5:27  Supply Depot  
  62  5:28  Orbital Command  
  64  5:36  Marine x2  
  64  5:37  Supply Depot  
  64  5:38  Supply Depot  
  66  5:55  SCV  
  67  5:57  Supply Depot  
  67  5:58  Marine x2, SCV, Supply Depot  
  67  5:59  Marine x3  
  67  6:00  Medivac x2  
  79  6:04  Widow Mine x2  
  79  6:09  Orbital Command  
  79  6:11  Barracks  
  81  6:13  Barracks  
  81  6:16  SCV x2  
  83  6:26  Armory  
  83  6:28  SCV, Supply Depot  
  83  6:29  Marine x2, SCV  
  87  6:33  Medivac  
  89  6:42  SCV, Supply Depot  
  89  6:45  SCV, Supply Depot  
  91  6:47  Marine x2  
  91  6:48  Marine  
  91  6:49  SCV  
  95  7:01  Barracks Reactor  
  95  7:02  Barracks Reactor  
  95  7:04  SCV  
  96  7:10  Supply Depot  
  96  7:11  Marine x2, SCV  
  96  7:12  Marine x3, Supply Depot  
  96  7:14  Terran Infantry Weapons Level 2  
  102  7:18  Terran Infantry Armor Level 2  
  102  7:21  Medivac  
  104  7:23  Medivac  
  104  7:26  Widow Mine  
  104  7:29  Marine  
  109  7:32  SCV x2, Refinery  
  109  7:33  Supply Depot  
  109  7:34  Marine x2  
  109  7:35  Marine  
  109  7:36  Marine  
  115  7:39  Widow Mine  
  115  7:40  Refinery  
  117  7:45  Factory, SCV  
  117  7:47  Marine  
  117  7:51  Marine x4, Medivac  
  121  7:52  Marine  
  121  7:55  Medivac, Widow Mine  
  130  8:00  SCV x3  
  130  8:04  Marine x2  
  134  8:12  SCV  
  135  8:15  SCV  
  135  8:16  Marine x2, SCV  
  135  8:17  Marine x5  
  135  8:19  Widow Mine x2  
  148  8:21  Medivac  
  148  8:22  Marine  
  148  8:24  SCV  
  148  8:25  Medivac  
  154  8:30  Marine, SCV  
  154  8:31  SCV, Supply Depot  
  154  8:32  Supply Depot  
  154  8:34  Marine x2  
  159  8:43  SCV  
  159  8:46  Marine, SCV  
  159  8:47  SCV  
  163  8:50  Marine  
  163  8:53  Marine  
  163  8:54  Marine x4  
  163  8:55  SCV  
  170  8:56  Widow Mine  
  170  8:59  Terran Vehicle Weapons Level 1  
  174  9:06  Widow Mine  
  174  9:08  Marine x4  
  178  9:12  Factory Tech Lab  
  178  9:18  Widow Mine  
  178  9:20  Barracks  
  178  9:21  Barracks  
  180  9:25  Barracks, Command Center  
  180  9:26  SCV x2  
  182  9:32  Marine x7  
  182  9:33  Marine  
  190  9:46  Marine, SCV x2  
  190  9:49  SCV  
  190  9:50  Marine x2  
  190  9:51  Marine  
  197  10:00  Refinery x2  
  197  10:06  Command Center  
  197  10:11  Supply Depot  
  197  10:14  Ghost Academy  
  197  10:15  Fusion Core  
  197  10:18  Barracks Tech Lab x2  
  197  10:30  Combat Shield  
  197  10:33  Marine, SCV x2  
  200  10:37  Missile Turret  
  200  10:40  Planetary Fortress  
  200  11:06  Barracks Tech Lab  
  200  11:11  Marine  
  199  11:20  Starport  
  199  11:22  Starport  
  199  11:23  Starport  
  199  11:25  Starport  
  198  11:27  Starport  
  198  11:28  Starport  
  198  11:33  Hellion  
  200  11:51  Refinery  
Tags
 
Add a new tag
Caveats
  • Supply blocks, unpowered buildings, or Contaminate may cause inaccurate times.
  • Supply counts are checked every 10 seconds.